[Event "14th BPB Limburg Open 2022"]
[Site "Maastricht"]
[Date "2022.06.06"]
[Round "6.7"]
[White "Van Roon, Sjoerd"]
[Black "Lahaye, Rick"]
[Result "0-1"]
[ECO "B51"]
[WhiteElo "2264"]
[BlackElo "2410"]
[Annotator "TA"]
[PlyCount "176"]
[EventDate "2022.06.03"]
[EventType "swiss"]
[EventCountry "NED"]
[SourceTitle "playchess.com"]
[Source "ChessBase"]
[SourceQuality "1"]
[TimeControl "7200+15"]

1. e4 c5 2. Nf3 d6 3. Bb5+ Nd7 4. d4 cxd4 5. Qxd4 a6 6. Bxd7+ Bxd7 7. Nc3 Bc6 {[%emt 0:01:02] B51: Sicilian: Moscow Variation (3 Bb5+) without 3...Bd7.} 8. Bg5 h6 9. Bh4 e5 {[%emt 0:01:17] White has an edge.} 10. Qd3 g5 11. Bg3 Nf6 {[%emt 0:00:17] [#]} 12. Nd2 $146 ({Predecessor:} 12. h4 g4 13. Nd2 b5 14. a3 Qb6 15. h5 Qd4 16. Qe2 Rg8 17. O-O-O Qb6 18. Nb3 {0-1 (36) Cunha,L (2328)-Sarana,A (2675) Chess.com INT 2022}) 12... b5 13. h4 b4 (13... g4 $14) 14. Nd5 (14. hxg5 $1 $16 bxc3 15. Qxc3) 14... Bb5 (14... Nxd5 $14 15. exd5 Bb5) 15. Qb3 (15. Nxf6+ $16 Qxf6 16. Qb3) 15... Nxd5 $11 16. exd5 f5 17. Qxb4 f4 18. a4 (18. Bh2 $14) 18... Bd7 {[%emt 0:01:31][%mdl 1024] Black has compensation.} 19. Qe4 Kf7 {[%emt 0:01:41] Prevents Qg6+.} (19... Rg8 $17 20. Bh2 gxh4) 20. h5 Qf6 21. Bh2 Bf5 22. Qb4 (22. Qe2 $1 $15) 22... e4 (22... a5 $17 23. Qc3 Rc8 24. Qxa5 Rxc2) 23. g3 (23. Nxe4 $2 Bxe4 24. O-O (24. Qxe4 $2 Re8 $19) 24... Bxc2 $19) (23. O-O $11) 23... a5 (23... Be7 $17 {...Rab8 is the strong threat.} 24. gxf4 Rhb8) 24. Qc3 (24. Qb7+ Be7 25. Qb5 (25. gxf4 $2 Rhb8 $19) 25... Rhc8 $19) 24... Qxc3 25. bxc3 Bg7 26. gxf4 Bxc3 27. Rb1 Bb4 {[%emt 0:17:05] A strong pair of Bishops.} 28. c3 Bc5 ({Black should play} 28... e3 $11 29. fxe3 Bxb1 30. Nxb1 Bc5) 29. fxg5 hxg5 30. Rb7+ Kf6 31. Nc4 Rhb8 (31... Bc8 $2 32. Rc7 Bg4 33. Be5+ $1 (33. Nxd6 Bxd6 34. Bxd6 Rab8 $18) 33... dxe5 34. Rxc5 $18) 32. Rxb8 Rxb8 33. Ke2 ({Don't blunder} 33. Bxd6 $2 Bxd6 34. O-O Bf4 $19) 33... Bg4+ 34. Kd2 Bf3 35. Rf1 Ke7 36. h6 Rh8 37. Nxa5 Rxh6 38. Bg3 Bg2 39. Re1 e3+ {[%emt 0:00:59][%mdl 64] Discovered Attack} 40. fxe3 Rh3 41. Nc6+ Kf6 42. Bf2 {[%emt 0:00:32] Hoping for c4.} Bxd5 43. Nd4 Rh2 44. Rf1 {[%emt 0:00:19][%mdl 8192] White is on the road to losing.} (44. Ke2 $11 {and White has nothing to worry.}) 44... Bc4 45. Ne2 $2 (45. Nf3 Rh3 46. Nxg5 Kxg5 47. Rg1+ Kf6 48. Rg4) 45... Kg6 $19 46. Ke1 {[%emt 0:00:33] [#]} Bxe3 $3 47. a5 Ba6 48. Ng3 (48. Nd4 $142 Bxd4 49. cxd4 Bxf1 50. Kxf1) 48... Bxf1 49. Bxe3 {[%emt 0:00:08][%mdl 4096] Endgame KRB-KBN} Bd3 50. Bf2 g4 51. Bb6 d5 52. Bd4 Ra2 {[%emt 0:00:09] And now ...Kg5 would win.} 53. Bb6 Bc4 54. Bd4 Kg5 55. Be3+ Kh4 56. Bf4 Kh3 57. Bc7 Kg2 58. Nh5 Kf3 59. Ng3 Ke3 (59... Ra1+ $142 60. Kd2 Bb3 61. c4 d4 62. Nh5 Rd1#) 60. Bb6+ Kd3 61. Bd4 Rxa5 62. Kf2 Ra2+ 63. Kg1 Rc2 (63... Bb3 $142 64. Kf1 Bd1 65. Ke1 Bf3 66. Bg7 Rc2 67. Bh8 Rxc3 68. Bg7 d4 69. Bh6 Rc2 70. Bf4 Kc3 71. Be5 Kc4 72. Bf4 Rg2 73. Bd6 d3 74. Nf1 Re2+ 75. Kd1 Ra2+ 76. Ke1 Ra1+ 77. Kd2 Rxf1 78. Bg3 Rg1 79. Bh4 Rg2+ 80. Ke3 d2 81. Kf4 d1=Q 82. Kg5 Rh2 83. Kg6 Rxh4 84. Kg5 Rh8 85. Kf5 Qd6 86. Kg5 g3 87. Kf5 Rh5#) 64. Nf5 Ke4 65. Ne3 Rc1+ $2 (65... Ra2 {mates} 66. Nxg4 Kf3 67. Nh2+ Kg3 68. Nf1+ Kf4 69. Nh2 Rc2 70. Bh8 Bd3 71. Bd4 Be4 72. Ba7 Rxc3 73. Bb8+ Ke3 74. Ng4+ Kf3 75. Nh6 d4 76. Nf7 Ke3 77. Ng5 Rc8 78. Nxe4 Rxb8 79. Nd6 d3 80. Kf1 Rb1+ 81. Kg2 d2 82. Nc4+ Kf4 83. Nxd2 Rb2 84. Kf2 Rxd2+ 85. Ke1 Ke3 86. Kf1 Kf3 87. Kg1 Rd1+ 88. Kh2 Rb1 89. Kh3 Rh1#) 66. Kg2 $2 (66. Kf2 $19) 66... Kf4 67. Bg7 Kg5 $2 (67... g3 {( -> ...Bf1+)} 68. Bh6+ Ke4 69. Nxc4 Rc2+ 70. Nd2+ Kd3 71. Kxg3 Rxd2) 68. Kf2 $2 {[%emt 0:00:58] Inhibits Bf1.} (68. Bd4) 68... Rh1 {[%emt 0:00:15] Threatens to win with ...Rh2+.} 69. Kg2 {[%emt 0:00:17] Inhibits Rh2+.} Rh3 70. Nd1 Bd3 (70... Kf4 $142 71. Bf8 Be2 72. Bd6+ Kf5 73. Nf2 Rxc3 74. Kh2 d4 75. Bb4 Rc2 76. Kg3 {[#]} Rc3+ $1 77. Kh4 g3 78. Nh3 g2 $1 79. Ng1 Rb3 80. Be7 d3 81. Bg5 Rb4+ 82. Kg3 Kxg5 83. Nh3+ Kf5 84. Kxg2 d2 85. Nf2 Rf4 86. Kh2 Rxf2+ 87. Kg1 Bf3 88. Kxf2 Kf4 89. Kf1 Kg3 90. Kg1 d1=Q#) 71. Be5 Kf5 72. Bg3 Be4+ (72... Be2 $142 73. Ne3+ Ke4) 73. Kf2 Bf3 74. Ne3+ Ke4 75. Nf1 Kd3 76. Be5 Be4 77. Nh2 Bf3 78. Nf1 Be2 79. Ng3 Bd1 80. Kg2 Bf3+ 81. Kg1 Rh7 82. Bd4 Rb7 83. Nh5 Rb2 84. Kf1 Rc2 (84... Rh2 $142 85. Ng3 Rg2) 85. Nf4+ Kc4 {[%emt 0:00:14] Black mates.} 86. Ng6 Rxc3 87. Bxc3 Kxc3 88. Kf2 d4 {[%emt 0:00:03] Weighted Error Value: White=0.73/Black=0.36} 0-1

[Event "14th BPB Limburg Open 2022"]
[Site "Maastricht"]
[Date "2022.06.06"]
[Round "6.9"]
[White "Van Cappellen, Jonas"]
[Black "Suvorov, Alexander"]
[Result "1/2-1/2"]
[ECO "C88"]
[WhiteElo "2208"]
[BlackElo "2365"]
[Annotator "TA"]
[PlyCount "121"]
[EventDate "2022.06.03"]
[EventType "swiss"]
[EventCountry "NED"]
[SourceTitle "playchess.com"]
[Source "ChessBase"]
[SourceQuality "1"]
[TimeControl "7200+15"]

1. e4 e5 2. Nf3 Nc6 3. Bb5 a6 4. Ba4 Nf6 5. O-O Be7 6. Re1 b5 7. Bb3 O-O 8. a4 Bb7 9. d3 d6 10. Nbd2 Nd7 $1 {[%emt 0:02:40][%mdl 4] is recently more successful than 10...Na5. C88: Closed Ruy Lopez: Anti-Marshall Systems.} 11. Nf1 Nc5 12. axb5 axb5 13. Rxa8 Qxa8 14. Bd5 Nd8 15. Bxb7 Qxb7 16. Ne3 Nde6 17. Nf5 Bf6 18. h4 {[%emt 0:00:10] [#]} g6 $146 ({Predecessor:} 18... b4 19. b3 g6 20. Nh6+ Kh8 21. Ng5 c6 22. Qf3 Qe7 23. Be3 Bxg5 24. hxg5 Nd4 25. Bxd4 exd4 {0-1 (74) Blohberger,F (2504)-Svane,R (2637) Terme Catez 2022}) 19. Nh6+ Kh8 20. Ng5 Nxg5 21. hxg5 Bg7 22. Ng4 Nd7 23. Be3 f5 (23... b4 $11 {feels stronger.}) 24. gxf6 $1 $14 Nxf6 25. Nxf6 Bxf6 26. Qg4 Qc6 {[%emt 0:04:20] Prevents Qd7.} 27. Qe6 (27. c3 {keeps more tension.} Kg7 28. Ra1 h5 29. Qe6) 27... Bg7 (27... Qxc2 $11 28. Rc1 Qxd3) 28. c3 Re8 29. Qb3 {[%emt 0:03:04] White is more active.} Ra8 {[%emt 0:01:10] Prevents Ra1.} 30. Qe6 Re8 $1 31. Qg4 Ra8 32. g3 Qe8 33. Kg2 Kg8 34. Rh1 Qf7 35. Qh3 Bh8 36. Rf1 (36. Bh6 $5 ) 36... Qe7 37. Qh1 c6 38. Ra1 Qb7 39. Qd1 {[%emt 0:01:55] With the idea Rxa8+.} Rxa1 40. Qxa1 $11 {[%emt 0:00:06][%mdl 4096] Endgame KQB-KQB} Bf6 41. Qa2+ d5 42. Qb3 (42. Bh6 $5 ) 42... Qd7 {[%emt 0:02:27] The position is equal.} 43. Bc5 h5 44. Qa2 Kh7 45. Qa8 Bg7 46. Qa7 Qxa7 47. Bxa7 dxe4 48. dxe4 {[%emt 0:00:05] KB-KB} g5 49. b3 Kg6 50. c4 bxc4 51. bxc4 Bf8 52. Bb6 Bb4 53. Bd8 Bc5 54. f3 Bf8 55. Kh3 Bg7 56. Be7 Bf6 57. Bd6 Kf7 58. Bc5 Ke6 59. Bb4 Be7 60. Bd2 Bf6 61. Bb4 {[%emt 0:00:05] Weighted Error Value: White=0.08 (flawless) /Black=0.07 (flawless)} 1/2-1/2

[Event "14th BPB Limburg Open 2022"]
[Site "Maastricht"]
[Date "2022.06.06"]
[Round "6.10"]
[White "Thompson, Ian D"]
[Black "Pauly, Carlo"]
[Result "0-1"]
[ECO "A26"]
[WhiteElo "2074"]
[BlackElo "2297"]
[Annotator "TA"]
[PlyCount "92"]
[EventDate "2022.06.03"]
[EventType "swiss"]
[EventCountry "NED"]
[SourceTitle "playchess.com"]
[Source "ChessBase"]
[SourceQuality "1"]
[TimeControl "7200+15"]

1. c4 Nf6 2. Nc3 g6 3. g3 Bg7 4. Bg2 O-O 5. Nf3 d6 6. O-O Nc6 7. Rb1 a5 8. a3 e5 9. d3 Re8 10. Bg5 h6 11. Bxf6 Bxf6 12. b4 axb4 13. axb4 Bg7 14. b5 Ne7 15. Nd2 c6 {[%emt 0:01:40] A26: English Opening vs King's Indian with ...Nc6 and d3.} 16. bxc6 bxc6 17. Qc2 Be6 {[%emt 0:10:07] The position is equal.} 18. Rb7 Rb8 19. Rfb1 Rxb7 20. Rxb7 Qa5 21. Nde4 Nf5 22. e3 {[%emt 0:05:03] Prevents Nd4.} d5 23. cxd5 cxd5 {[%emt 0:00:06] Hoping for ...Rc8.} 24. Rb5 Qa1+ 25. Rb1 Qa3 26. Nb5 Qe7 27. Nd2 Rc8 28. Qa4 {[%emt 0:01:20] [#]} h5 $146 ({Predecessor:} 28... Qc5 29. e4 dxe4 30. Nxe4 Qb6 31. Qd1 Ba2 32. Rb2 Be6 33. Rb1 Qd8 34. Na7 Rc7 35. Nb5 Rc8 36. Na7 Rc7 37. Nb5 Rc8 38. Na7 {½-½ (34) Kuzmicz,K (2471)-Miton,K (2622) Warsaw 2012}) 29. Nb3 Kh7 30. d4 ({White should play} 30. Nd2 $15) 30... Rc4 31. Qa3 Rb4 32. Bf1 exd4 33. exd4 Bf8 {[%emt 0:01:29] Black is more active.} 34. Qa1 Bd7 35. Nc3 Qd6 (35... Nxd4 36. Nxd5 Qd6 37. Nxb4 Nf3+ 38. Kh1 (38. Kg2 Qxb4 39. Kxf3 Qg4+ 40. Ke3 Qe6+ 41. Kd3 Qf5+ 42. Ke3 Qe6+ 43. Kd3 Qf5+ 44. Ke3 Qe6+ $17) 38... Qxb4 39. Bg2 $16 (39. Qf6 Bf5 $19)) 36. Bg2 Be6 ({Don't play} 36... Nxd4 37. Nxd4 Rxd4 38. Nb5 Bxb5 39. Qxd4 $16) 37. Qa8 {[%emt 0:01:58] [#]} (37. Ne2 $17) 37... Rb8 (37... Bg7 $1 $19 38. Bxd5 (38. Nxd5 $2 Rb5 $19) 38... Rb8) 38. Qa5 ({Better is} 38. Qa2 $15) 38... h4 39. g4 $2 {[%emt 0:01:29] [#]} (39. Ne2 $17) 39... Ne7 $2 (39... Rxb3 $1 $19 {[%mdl 512] and Black stays clearly on top.} 40. gxf5 (40. Rxb3 $2 {loses.} Nxd4 41. Rb1 h3 $19) 40... Rxb1+ 41. Nxb1 Bxf5) 40. h3 $17 Bg7 41. Ne2 f5 42. gxf5 (42. g5 $15) 42... Bxf5 $19 43. Rb2 Qb4 $36 {[%emt 0:04:05][%mdl 2048] White is under strong pressure.} 44. Qc7 (44. Qxb4 $17 {is the only way for White.} Rxb4 45. Nf4) 44... Rb7 45. Qc1 (45. Qc3 $142) 45... Bh6 {[%emt 0:03:01] A strong pair of Bishops.} 46. Qd1 (46. Qc3) 46... Qa3 {[%emt 0:00:45] Weighted Error Value: White=0.53/Black=0.28 (precise)} 0-1

[Event "14th BPB Limburg Open 2022"]
[Site "Maastricht"]
[Date "2022.06.06"]
[Round "6.11"]
[White "Decoster, Frederic"]
[Black "Schroer, Marcel"]
[Result "1-0"]
[ECO "B15"]
[WhiteElo "2293"]
[BlackElo "2093"]
[Annotator "TA"]
[PlyCount "113"]
[EventDate "2022.06.03"]
[EventType "swiss"]
[EventCountry "NED"]
[SourceTitle "playchess.com"]
[Source "ChessBase"]
[SourceQuality "1"]
[TimeControl "7200+15"]

1. e4 c6 2. d4 d5 3. Nd2 dxe4 4. Nxe4 Nf6 5. Nxf6+ exf6 6. Bd3 {[%emt 0:00:14] B15: Caro-Kann: 3 Nc3: 3...g6 and 3...dxe4 4 Nxe4 Nf6 5 Nxf6+ exf6.} (6. c3 $14) 6... Bd6 (6... Qxd4 $15 7. Nf3 Qb6) 7. Qh5 $11 Nd7 8. Ne2 {[%emt 0:02:12] White is slightly better.} Nf8 {[%emt 0:01:26] [#]} 9. O-O $146 ({Predecessor:} 9. c3 Ng6 10. O-O Be6 11. Be3 Qd7 12. h3 f5 13. Rfe1 O-O 14. a3 a5 15. c4 {0-1 (40) Krysa,L (2523)-Yakubboev,N (2604) Chess.com INT 2021}) 9... Ne6 10. a4 g6 11. Qh4 h5 (11... O-O {is interesting.} 12. Bh6 Ng7 13. Rfe1 Re8) 12. f4 {[%emt 0:11:40] f5 is the strong threat.} f5 13. Qxd8+ Kxd8 14. a5 Kc7 15. Bd2 Bd7 16. c4 Rhe8 17. b4 Rac8 18. Kf2 Kb8 19. Rab1 Bf8 20. Be3 Nc7 21. Nc3 (21. Ng1 $14) 21... Bg7 22. Na4 Rcd8 (22... Re7 {with more complications.} 23. Nc5 Rce8 24. Rfe1 Rxe3 25. Nxd7+ Kc8) 23. Rfd1 Ne6 24. Be2 Bc8 (24... g5 $11) 25. d5 $16 cxd5 26. cxd5 Nf8 27. Nc5 {[%emt 0:02:46] White is more active.} Nd7 (27... Rd6 $16 {was worth a try.}) 28. Bb5 $18 Bf8 29. Kf3 (29. d6 $18 {has better winning chances.}) 29... Rxe3+ $16 30. Kxe3 {[%emt 0:00:05] aiming for d6.} Nxc5 31. bxc5 Bxc5+ 32. Kf3 b6 33. axb6 axb6 34. Bc6 Bb7 35. Ra1 Rd6 36. Bxb7 Kxb7 {[%emt 0:00:00][%mdl 4096] Endgame KRR-KRB} 37. Ra2 b5 38. Rd3 b4 39. Ke2 Kb6 40. Kd2 Kb5 (40... Rd7 $14) 41. Rc2 (41. h4 $1 $16) 41... Rb6 {[%emt 0:02:24] [#]} (41... h4 $1 $11) 42. Kc1 (42. h4 $1 $16) 42... Bd6 43. g3 h4 $1 44. Rc8 hxg3 45. hxg3 Ra6 (45... f6 $11) 46. Kb1 f6 47. Re3 {[%emt 0:00:56] Threatens to win with Re6.} g5 {[%emt 0:00:11] [#]} 48. Re6 $1 gxf4 ({Black should play} 48... Rb6) 49. gxf4 Bxf4 $2 {[%emt 0:00:22][%mdl 8192] A mistake that costs the game.} (49... Rb6 $16) 50. Rxa6 {[%emt 0:00:15] White mates.} Kxa6 {[%emt 0:00:01] KR-KB} 51. d6 Kb7 52. d7 Bc7 53. d8=Q Bxd8 54. Rxd8 Kc6 55. Kc2 f4 56. Kd3 f3 57. Rf8 {[%emt 0:00:02] Weighted Error Value: White=0.19 (very precise) /Black=0.29 (precise)} 1-0

[Event "14th BPB Limburg Open 2022"]
[Site "Maastricht"]
[Date "2022.06.06"]
[Round "6.13"]
[White "Ratsma, Midas"]
[Black "Sankalp Gupta"]
[Result "0-1"]
[ECO "A06"]
[WhiteElo "2200"]
[BlackElo "2505"]
[Annotator "TA"]
[PlyCount "62"]
[EventDate "2022.06.03"]
[EventType "swiss"]
[EventCountry "NED"]
[SourceTitle "playchess.com"]
[Source "ChessBase"]
[SourceQuality "1"]
[TimeControl "7200+15"]

1. Nf3 Nf6 2. b3 d5 3. e3 Bf5 4. Bb2 e6 5. Nh4 Bg6 (5... Bg4 $5 6. Nf3 Bd6 $11) 6. Nxg6 {[%emt 0:00:11] A06: Réti Opening: 1 Nf3 d5.} hxg6 7. g3 Nbd7 8. Bg2 {[%emt 0:00:08] White has an edge.} c6 9. d3 {[%emt 0:00:08] [#]} e5 $146 ({Predecessor:} 9... Bd6 10. Nd2 a5 11. a3 Qc7 12. Qe2 Be5 13. c3 g5 14. h3 Bd6 15. c4 Be5 {½-½ (76) Nakamura,H (2736)-Gordievsky,D (2559) Chess.com INT 2020}) 10. Nd2 Bd6 11. Qe2 Qe7 12. a3 a5 13. c4 O-O 14. O-O Rab8 15. g4 g5 16. Rfd1 b5 17. h3 (17. cxd5 $11 cxd5 18. h3) 17... bxc4 $15 18. dxc4 e4 19. b4 axb4 20. axb4 Be5 ({Reject} 20... Rxb4 21. Ba3 $11) 21. Bxe5 Nxe5 22. b5 dxc4 $1 23. Nxc4 (23. bxc6 $1 $11 Rb2 24. Rdb1 Rxb1+ 25. Rxb1) 23... Nxc4 24. Qxc4 cxb5 25. Qb3 b4 26. Ra5 {[%emt 0:01:14] [#]} ({White should play} 26. Rab1 $15) 26... Rfc8 $1 $17 27. Rd4 (27. Bf1 $17) 27... Qe6 $19 28. Qb1 (28. Qb2 b3 29. Rd2) 28... b3 {[%emt 0:01:18] White must now prevent ...b2. Black is clearly winning.} 29. Rd1 b2 30. h4 Qb3 {[%emt 0:01:41][%cal Ob3d1] [#] Hoping for ...Qxd1+!} 31. Rf1 Qc2 {[%emt 0:00:28] Weighted Error Value: White=0.53/Black=0.29 (precise)} 0-1

[Event "14th BPB Limburg Open 2022"]
[Site "Maastricht"]
[Date "2022.06.06"]
[Round "7.1"]
[White "Van Foreest, Lucas"]
[Black "Donchenko, Alexander"]
[Result "1/2-1/2"]
[ECO "E35"]
[WhiteElo "2572"]
[BlackElo "2599"]
[Annotator "TA"]
[PlyCount "70"]
[EventDate "2022.06.03"]
[EventType "swiss"]
[EventCountry "NED"]
[SourceTitle "playchess.com"]
[Source "ChessBase"]
[SourceQuality "1"]
[TimeControl "7200+15"]

1. d4 Nf6 2. c4 e6 3. Nc3 Bb4 4. Qc2 d5 5. cxd5 exd5 6. Bf4 {[%emt 0:00:03] E35: Nimzo-Indian: Classical: 4...d5 5 cxd5 exd5.} O-O 7. e3 Nh5 8. Bg3 {[%emt 0:01:05] [#] The position is equal.} c6 $146 ({Predecessor:} 8... g6 9. Nf3 Be7 10. Be5 Nc6 11. Be2 Nxe5 12. dxe5 c6 13. Rd1 Qb6 14. O-O Rd8 {½-½ (41) Leijen,P (2057)-Jenneborg,S (2222) LSS email 2018}) 9. Bd3 g6 10. Nf3 Be7 11. Bxb8 Rxb8 12. Rb1 Bd6 13. O-O Qe7 14. Rfe1 f5 15. Qd1 Nf6 16. Nd2 Ne4 {[%emt 0:13:06][%cal Od6h2] White must now prevent ...Bxh2+!} 17. Nf1 Be6 18. f3 Nf6 19. Qc2 Kh8 20. Re2 Rbe8 21. a3 a5 22. Rbe1 Qg7 23. Qd2 Bc8 24. Na4 b5 25. Nc5 a4 26. Qc2 f4 27. b4 fxe3 28. Rxe3 Rxe3 29. Rxe3 {[%emt 0:04:37] [#]} (29. Nxe3 $17 Nh5 30. Qc3) 29... Nh5 ({Black should play} 29... Ng4 $1 $19 30. fxg4 Qxd4) 30. Qc3 $17 Be7 (30... Nf4 $17 31. g3 g5) 31. Ne6 $15 Bxe6 32. Rxe6 Bf6 33. Kh1 Bxd4 34. Qc2 c5 35. bxc5 Nf4 {[%emt 0:00:17] Weighted Error Value: White=0.12 (very precise) /Black=0.10 (very precise)} 1/2-1/2

[Event "14th BPB Limburg Open 2022"]
[Site "Maastricht"]
[Date "2022.06.06"]
[Round "7.2"]
[White "Warmerdam, Max"]
[Black "Dardha, Daniel"]
[Result "1/2-1/2"]
[ECO "D33"]
[WhiteElo "2614"]
[BlackElo "2561"]
[Annotator "TA"]
[PlyCount "236"]
[EventDate "2022.06.03"]
[EventType "swiss"]
[EventCountry "NED"]
[SourceTitle "playchess.com"]
[Source "ChessBase"]
[SourceQuality "1"]
[TimeControl "7200+15"]

1. c4 Nf6 2. Nc3 c5 3. Nf3 e6 4. g3 d5 5. cxd5 exd5 6. d4 Nc6 7. a3 c4 8. Bg5 Be7 9. Bg2 O-O 10. e3 Be6 11. O-O h6 12. Bxf6 Bxf6 13. Kh1 Qd7 14. Ng1 b5 15. Nge2 Rab8 16. Nf4 Ne7 17. Nh5 Bg5 18. h4 Bg4 19. Bf3 Bxh5 20. Bxh5 Bf6 21. Bf3 a5 22. b4 cxb3 23. Qxb3 Bxh4 24. Nxd5 Nxd5 25. Qxd5 Qh3+ 26. Kg1 Bxg3 27. fxg3 Qxg3+ 28. Kh1 Qh3+ 29. Kg1 Qg3+ 30. Bg2 Qxe3+ 31. Rf2 b4 32. axb4 axb4 33. Qe4 Qc3 34. Rb1 b3 35. d5 Qc5 36. Qd3 Rfe8 37. Rxb3 Re1+ 38. Bf1 Rd8 39. Rb5 Qa7 40. d6 (40. Qf5 $14) 40... Re6 $11 41. Rd5 Rg6+ 42. Bg2 Qa1+ 43. Rf1 Qb2 $1 44. Rf2 Qa1+ 45. Rf1 Qb2 $1 46. Qe4 Qb6+ 47. Kh1 Rgxd6 48. Qe7 Rxd5 49. Qxf7+ Kh8 50. Bxd5 Qd4 51. Bg2 Qh4+ 52. Kg1 Qd4+ 53. Kh1 Qh4+ 54. Kg1 Qd4+ 55. Rf2 Rb8 56. Qf4 Qxf4 (56... Rb1+ {feels hotter.} 57. Kh2 Qxf4+ 58. Rxf4 g5) 57. Rxf4 g5 58. Rf7 Rd8 59. Kf2 Kg8 60. Ra7 Rd2+ 61. Kg3 h5 62. Be4 Kf8 63. Bg6 Rd4 64. Bxh5 Rf4 65. Rb7 Kg8 66. Rb5 Kf8 67. Rxg5 Re4 68. Bf3 Re7 69. Ra5 Kg7 70. Kf4 Rf7+ 71. Kg4 Re7 72. Kg5 Rf7 73. Bd5 Re7 74. Kf5 Rc7 75. Ra6 Kf8 76. Rh6 Ke7 77. Ke5 Kd7 78. Rh8 Ke7 $1 79. Rg8 Kd7 80. Rg6 Ke7 81. Rf6 Kd7 82. Rh6 Ke7 83. Bc6 Kd8 84. Kd6 Rd7+ $1 85. Kc5 Rg7 86. Rh8+ Ke7 87. Re8+ Kf6 88. Kd6 Kg5 89. Ke5 Rg6 90. Bd5 Rg7 91. Rh8 Re7+ 92. Be6 Rg7 93. Rh1 Rg6 94. Bf7 Rg7 95. Rf1 Kh6 96. Be8 Kg5 97. Ke6 Ra7 98. Bc6 Ra6 99. Kd5 Ra3 100. Ke4 Rg3 101. Ke5 Re3+ 102. Be4 Rg3 103. Bf3 Kg6 104. Bd5 Rg5+ 105. Ke6 Rg3 106. Be4+ Kg5 107. Rf8 Re3 108. Ke5 Rg3 109. Bf3 Kh4 110. Ke4 Rg7 111. Rf5 Rg5 112. Rf4+ Kg3 113. Ke3 Re5+ 114. Be4 Rg5 115. Rf1 Kg4 116. Rh1 Kg3 117. Rg1+ Kh4 118. Rxg5 Kxg5 1/2-1/2

[Event "14th BPB Limburg Open 2022"]
[Site "Maastricht"]
[Date "2022.06.06"]
[Round "7.3"]
[White "Zwirs, Nico"]
[Black "Braun, Christian"]
[Result "1/2-1/2"]
[ECO "C11"]
[WhiteElo "2468"]
[BlackElo "2426"]
[Annotator "TA"]
[PlyCount "62"]
[EventDate "2022.06.03"]
[EventType "swiss"]
[EventCountry "NED"]
[SourceTitle "playchess.com"]
[Source "ChessBase"]
[SourceQuality "1"]
[TimeControl "7200+15"]

1. e4 e6 2. d4 d5 3. Nc3 Nf6 4. e5 Nfd7 5. f4 c5 6. Nf3 Nc6 7. Be3 Be7 8. Qd2 a6 9. Bd3 {[%emt 0:00:55] C11: French: Classical System: 4 e5 and 4 Bg5 dxe4.} b5 10. Qf2 c4 11. Be2 Nb6 12. O-O {[%emt 0:03:54] [#]} Bd7 $146 ({Predecessor:} 12... b4 13. Nd1 a5 14. Qg3 g6 15. Nf2 Ba6 16. Ng5 c3 17. Bxa6 Rxa6 18. b3 Na8 {½-½ (48) Miladinovic,I (2535)-Indjic,A (2574) Ruma 2017}) 13. Qg3 g6 14. Qh3 h6 15. Bf2 Qc7 16. Bh4 O-O-O 17. Bxe7 Nxe7 18. Nd1 (18. Qh4 $5 Nf5 19. Qf2 $11) 18... Kb8 (18... g5 $11 {is more appropriate.}) 19. Ne3 $16 Nf5 20. Nxf5 gxf5 21. Qh4 Rdg8 22. Qe1 Nc8 23. b3 Ne7 24. a4 Bc6 (24... Ng6 $142) 25. axb5 Bxb5 26. Qb4 {[%emt 0:05:49] [#] Rxa6 is the strong threat.} Nc6 27. Qc5 {[%emt 0:03:31] Threatens to win with Rfb1.} Qe7 28. Qb6+ Qb7 29. Qc5 {[%emt 0:00:10][%cal Rb3c4] White is more active.} Qe7 30. Qb6+ Qb7 31. Qc5 Qe7 {[%emt 1:21:45] Weighted Error Value: White=0.20 (precise) /Black=0.14 (very precise)} 1/2-1/2

[Event "14th BPB Limburg Open 2022"]
[Site "Maastricht"]
[Date "2022.06.06"]
[Round "7.4"]
[White "Lahaye, Rick"]
[Black "Decoster, Frederic"]
[Result "0-1"]
[ECO "A16"]
[WhiteElo "2410"]
[BlackElo "2293"]
[Annotator "TA"]
[PlyCount "80"]
[EventDate "2022.06.03"]
[EventType "swiss"]
[EventCountry "NED"]
[SourceTitle "playchess.com"]
[Source "ChessBase"]
[SourceQuality "1"]
[TimeControl "7200+15"]

1. e3 g6 2. c4 Nf6 3. Nc3 Bg7 4. g4 h6 5. Bg2 d6 6. h3 {[%emt 0:01:20] A16: English Opening: 1...Nf6 with ...d5.} e5 7. Nge2 O-O 8. d4 {[%emt 0:01:17] The position is equal.} Nbd7 9. O-O Re8 {[%emt 0:05:32] [#]} 10. Ng3 $146 ({Predecessor:} 10. b3 a6 11. Ng3 Rb8 12. a4 Nh7 13. d5 Qh4 14. e4 Bf6 15. Nge2 Bg5 16. Rb1 {½-½ (31) Hechl,G (2359)-Volkmann,F (2403) Austria 2019}) 10... a6 11. a4 a5 12. f4 c6 13. Nce4 (13. b3 $11) 13... Qc7 (13... Nxe4 $15 {keeps the upper hand.} 14. Nxe4 exd4) 14. c5 (14. dxe5 $1 $16 dxe5 15. f5) 14... exf4 15. cxd6 Qd8 16. Rxf4 Nxe4 17. Nxe4 Nf6 (17... Nb6 $14) 18. Nxf6+ $16 ({Don't take} 18. Qb3 Rxe4 19. Bxe4 g5 20. Rxf6 Bxf6 $14) 18... Bxf6 19. Qf3 (19. Qf1 $1 $16 Re6 20. b3) 19... Bg5 (19... Re6 $11 {remains equal.}) 20. Rxf7 {[%emt 0:01:54] And now e4 would win.} Qxd6 21. Bd2 ({White should try} 21. Qf2 $1 $16) 21... Be6 $1 $11 22. Rxb7 Bd5 23. Qf2 Rf8 $1 24. Bxd5+ Qxd5 {[%emt 0:01:30] The board is on fire.} 25. Qg2 Rf3 {[%emt 0:01:18] Hoping for ...Raf8.} 26. Rf1 $1 Raf8 27. Rxf3 Rxf3 28. Rb8+ (28. Qe2 $1 $11 Bh4 29. Bc3 (29. Rb8+ Kh7 $11)) 28... Kf7 $1 $17 {[%emt 0:02:32][%mdl 1024] Black has strong compensation.} 29. Rb7+ Ke8 30. Rb8+ Kd7 {[%emt 0:00:45] White must now prevent ...Bh4.} 31. Rb7+ Kc8 ({Better is} 31... Ke6 $1 $17 32. Rb8 Kd7 33. Rb7+ Ke6) 32. Rh7 $1 $11 Kd8 33. Rh8+ (33. Kh2 $11) 33... Ke7 $17 {[%emt 0:05:52] Black is more active.} 34. Rh7+ Kf8 (34... Ke8 $17 35. Rh8+ Ke7 36. Rh7+ Ke8 37. Rh8+ Ke7) 35. Rh8+ $1 $11 Kg7 36. Ra8 {[%emt 0:00:12][%mdl 8192] [#]} (36. Re8 $1 $11 {and White is okay.}) 36... Bh4 $1 $19 {[%emt 0:00:38] ...Rg3 is the strong threat. Black is clearly winning.} 37. Ra7+ Kf6 {[%emt 0:00:35] Threatens to win with ...Rg3.} 38. Rxa5 {[%emt 0:00:15] [#]} (38. g5+ $142 hxg5 39. Bc3 (39. Bxa5 $2 Rg3 $19) (39. Rxa5 $2 Qe4 $19)) 38... Qe4 $1 39. Re5 Qb1+ 40. Kh2 Bg3+ $2 {[%emt 0:00:15][%mdl 32768] Weighted Error Value: White=0.58/Black=0.19 (very precise) . Loss on time!?} (40... Rf2 $19 41. Qxf2+ Bxf2) 0-1